Cogmind - Beta 13 @@@ ROGUE MODE // 2024.04.04 @ 01:47:08 Player: Zdonick Result: Destroyed by G-47 Trooper with Particle Gun Performance ------------- Evolutions (2) 1000 Regions Visited (4) 800 Robots Destroyed (58) 290 Value Destroyed (1499) 1499 Prototype IDs (0) 0 Alien Tech Used (0) 0 Bonus (11) 11 TOTAL SCORE: 3600 Bonus ------- High Alert Combat Kills 11 Cogmind --------- Core Integrity 0/550 Matter 291/300 Energy 98/160 System Corruption 10% Temperature Cool (9) Movement Core (1450) Ox28 Location -8/Materials Parts ------- > --- POWER (2) -------- Light Nuclear Core > --- PROPULSION (4) --- (None) > --- UTILITY (3) ------ Huge Storage Unit > --- WEAPON (2) ------- (None) > --- INVENTORY (25) --- Aluminum Leg Aluminum Leg Heat Sink Heat Sink Compact Battery (200) Small Matter Pod (50) Improved Terrain Scanner Particle Charger Weapon Shielding Light Armor Plating Light Armor Plating Light Armor Plating Beam Rifle Particle Gun Particle Gun Particle Gun Heavy Particle Cannon Heavy Particle Cannon Heavy Particle Cannon Assault Rifle Light Assault Rifle EMP Blaster EMP Blaster Peak State ------------ > --- POWER ------------ Ion Engine Light Nuclear Core > --- PROPULSION ------- Light Treads Light Treads Wheel Wheel > --- UTILITY ---------- Huge Storage Unit Improved Signal Interpreter Medium Armor Plating > --- WEAPON ----------- EMP Blaster EMP Blaster > --- INVENTORY -------- Ion Engine Improved Ion Engine Improved Ion Engine Heat Sink Compact Battery Small Matter Pod Improved Terrain Scanner Weapon Shielding Light Armor Plating Light Armor Plating Light Armor Plating Light Armor Plating Light Armor Plating EM Pulse Gun Heavy Particle Cannon Heavy Particle Cannon Heavy Particle Cannon Heavy Particle Cannon Assault Rifle Light Assault Rifle EMP Blaster EMP Blaster Plasma Cutter Mining Claw [Rating: 22] Favorites ----------- Power Ion Engine Engine Ion Engine Power Core Light Nuclear Core Propulsion Wheel Treads Light Treads Wheel Wheel Utility Huge Storage Unit Device Cooling System Storage Huge Storage Unit Processor Targeting Computer Protection Light Armor Plating Weapon Heavy Particle Cannon Energy Gun EM Pulse Gun Energy Cannon Heavy Particle Cannon Ballistic Gun Assault Rifle Launcher EMP Blaster Special Weapon Plasma Cutter Slashing Weapon Mining Claw Build | -11 -10 -9 -9 -8 ------- Run | Yrd Mat Mat Min Mat Slots Evolved 4 | . . 2 . 2 Power 1 | . . . . 1 Propulsion 2 | . . 1 . 1 Utility 1 | . . 1 . . Weapon . | . . . . . Parts Attached 61 | 5 16 7 . 33 Power 11 | 1 3 . . 7 Engine 9 | 1 3 . . 5 Core 2 | . . . . 2 Reactor . | . . . . . Propulsion 15 | 2 2 2 . 9 Treads 2 | . . 2 . . Leg . | . . . . . Wheel 13 | 2 2 . . 9 Hover . | . . . . . Flight . | . . . . . Utility 15 | . 7 2 . 6 Device 2 | . 1 . . 1 Storage 3 | . 3 . . . Processor 3 | . 1 1 . 1 Hackware . | . . . . . Protection 7 | . 2 1 . 4 Artifact . | . . . . . Weapon 20 | 2 4 3 . 11 Energy Gun 2 | 1 . . . 1 Energy Cannon 5 | . . . . 5 Ballistic Gun 5 | 1 2 2 . . Ballistic Cannon . | . . . . . Launcher 5 | . 2 . . 3 Special Weapon 1 | . . . . 1 Impact Weapon . | . . . . . Slashing Weapon 2 | . . 1 . 1 Piercing Weapon . | . . . . . Special Melee Weapon . | . . . . . Unidentified Prototypes . | . . . . . Corrupted Parts 1 | . . . . 1 System Corruption 6 | . . . . 6 Parts Lost 28 | . 5 1 . 22 Power 7 | . 2 . . 5 Propulsion 10 | . 1 1 . 8 Utility 4 | . 1 . . 3 Weapon 7 | . 1 . . 6 Highest Loss Streak 10 | . 1 1 . 10 To Critical Strikes . | . . . . . Average Slot Usage (%) 86 | . 87 81 88 86 Engine 10 | . 10 10 . 11 Treads 4 | . . 3 22 7 Wheel 23 | . 25 15 11 23 Device 1 | . . . . 2 Storage 9 | . 10 11 11 9 Processor 7 | . 9 10 11 6 Protection 5 | . 1 11 11 8 Energy Gun 1 | . 3 . . . Energy Cannon 5 | . . . . 10 Ballistic Gun 9 | . 19 11 22 . Launcher 5 | . 5 5 . 5 Naked Turns . | . . . . . Heaviest Build 105 | 7 93 93 86 105 Greatest Support 48 | 20 26 26 16 48 Greatest Overweight (x) 29 | . 3 5 5 29 Average Overweight (x) 2 | . 2 3 5 3 Largest Inventory Capacity 25 | 5 25 25 25 25 Average Capacity 22 | 5 19 25 25 25 Most Carried 25 | 3 20 25 25 25 Average Carried 17 | 1 10 23 25 22 Final Capacity 25 | 5 25 25 25 25 Final Carried 25 | 1 20 25 25 23 Class Distribution -------------------- 63% | Mutant 36% | Scavenger-Mutant Dominant Class ---------------- Mutant | -10/Materials Mutant | -9/Materials Mutant | -9/Mines Scavenger-Mutant | -8/Materials Resources | -11 -10 -9 -9 -8 ----------- Run | Yrd Mat Mat Min Mat Matter Collected 1305 | 271 367 131 . 536 Remotely 23 | . 23 . . . Salvage Created 2088 | 37 398 307 . 1346 Parts 120 | 2 29 14 . 75 Haulers Intercepted 1 | . 1 . . . Recyclers Shooed 3 | . 1 . . 2 Parts Field Recycled . | . . . . . Retrieved Matter . | . . . . . Parts Self-Destructed . | . . . . . Prevented . | . . . . . Kills | -11 -10 -9 -9 -8 ------- Run | Yrd Mat Mat Min Mat Combat Hostiles Destroyed 37 | 1 9 4 . 23 Guns 8 | 1 6 1 . . Cannons 10 | . . . . 10 AOE 18 | . 3 3 . 12 Classes Destroyed 12 | 1 6 2 . 3 Worker 4 | . . 1 . 3 Builder 3 | . . . . 3 Tunneler 2 | . 2 . . . Hauler 1 | . 1 . . . Recycler 5 | . 1 2 . 2 Mechanic 1 | . . . . 1 Operator 1 | . 1 . . . Watcher 4 | . 2 . . 2 Swarmer 10 | . 3 . . 7 Grunt 21 | 1 6 2 . 12 Sentry 3 | . . 2 . 1 Hunter 3 | . . . . 3 Best Kill Streak 8 | 1 3 7 . 8 Combat Bots Only 6 | 1 3 3 . 6 Max Kills in Single Turn 4 | 1 2 4 . 3 Gunslinging . | . . . . . Exploded 3 | . 2 2 . 3 Melee . | . . . . . Uniques/NPCs Destroyed . | . . . . . Combat | -11 -10 -9 -9 -8 -------- Run | Yrd Mat Mat Min Mat Hostile Shots Fired 280 | 11 37 24 . 208 Missed 79 | 2 15 8 . 54 Damage Taken 3282 | 98 266 235 . 2683 Core 626 | . 69 . . 557 Absorbed by Shields . | . . . . . Regen/Repaired (Parts) 132 | . . 88 . 44 Core Remaining (%) 90 | 100 72 . 100 . Volleys Fired 133 | 7 39 14 . 73 Largest 2 | 2 2 2 . 2 Hottest 150 | 60 60 50 . 150 Shots Fired 241 | 14 70 19 . 138 Gun 93 | 14 61 14 . 4 Cannon 98 | . . . . 98 Launcher 48 | . 9 5 . 34 Special 2 | . . . . 2 Kinetic 63 | 7 42 14 . . Thermal 100 | . . . . 100 Explosive 14 | . 9 5 . . Electromagnetic 64 | 7 19 . . 38 Robot Hit Streak 8 | 5 8 6 . 8 Robot Miss Streak 8 | 2 5 1 . 8 Penetration Max . | . . . . . Secondary Targets . | . . . . . Shots Hit Robots 140 | 9 38 15 . 78 Core Hits 89 | 3 25 9 . 52 Critical Kills . | . . . . . Critical Parts Destroyed . | . . . . . Critical Strikes . | . . . . . Melee Attacks 13 | . . 1 . 12 Impact . | . . . . . Slashing 13 | . . 1 . 12 Piercing . | . . . . . Sneak Attacks . | . . . . . Combat Hostiles . | . . . . . Follow-up Attacks . | . . . . . Damage Inflicted 4319 | 172 832 396 . 2919 Guns 675 | 118 410 122 . 25 Cannons 1550 | . . . . 1550 Explosions 1894 | 54 413 274 . 1153 Melee 168 | . . . . 168 Ramming 32 | . 9 . . 23 Kinetic 453 | 50 281 122 . . Thermal 1732 | 54 . . . 1678 Explosive 687 | . 413 274 . . Electromagnetic 1247 | 68 129 . . 1050 Impact . | . . . . . Slashing 168 | . . . . 168 Piercing . | . . . . . Highest Corruption 10 | . 1 . . 10 Average Corruption 4 | . 1 . . 8 Corruption Purged . | . . . . . Corruption Blocked . | . . . . . Effects 39 | . 7 . . 32 Message Errors 6 | . 1 . . 5 Matter Fused 11 | . 3 . . 8 Heat Flow Errors 5 | . . . . 5 Energy Discharges 7 | . 1 . . 6 Parts Rejected 1 | . . . . 1 Data Loss (minor) 5 | . 2 . . 3 Misfires 3 | . . . . 3 Alerts 1 | . . . . 1 Overload Shots . | . . . . . Overflow Damage 71 | . 1 21 . 49 Projectiles 10 | . . . . 10 Explosions 48 | . 1 21 . 26 Melee 13 | . . . . 13 Knockbacks 2 | . 1 . . 1 Impact 2 | . 1 . . 1 Kinetic . | . . . . . Secondary . | . . . . . Self-Inflicted Damage 284 | . 32 . . 252 Shots 19 | . 1 . . 18 Rammed 2 | . 1 . . 1 Targets Rammed 2 | . 1 . . 1 Kicked . | . . . . . Crushed . | . . . . . Highest Temperature 540 | 28 49 5 . 540 Average Temperature 121 | 15 17 2 . 136 Received Heat Transfer 1338 | 54 120 66 . 1098 Effects 16 | . . . . 16 Shutdowns 2 | . . . . 2 Interference 14 | . . . . 14 Siege Activations . | . . . . . Robots Corrupted . | . . . . . Combat Hostiles . | . . . . . Parts Fried 3 | . . . . 3 Impact Corruptions 1 | . . . . 1 Robots Melted 1 | . . . . 1 Combat Hostiles 1 | . . . . 1 Parts Melted 2 | . . . . 2 Heat Transferred 2644 | 150 . . . 2494 Parts Sabotaged . | . . . . . Parts Stolen . | . . . . . Parts Stripped . | . . . . . Power Chain Reactions 10 | 1 . . . 9 Alert | -11 -10 -9 -9 -8 ------- Run | Yrd Mat Mat Min Mat Peak Influence 411 | 20 214 215 83 411 Initial 83 | . 13 46 83 31 Average 162 | 2 69 155 83 258 Maximum Alert Level 2 | . 1 1 . 2 Low Security (%) 55 | 100 91 59 100 19 Level 1 41 | . 8 40 . 75 Level 2 2 | . . . . 5 Level 3 . | . . . . . Level 4 . | . . . . . Level 5 . | . . . . . High Security . | . . . . . Max Security . | . . . . . Squads Dispatched 12 | . 3 2 . 7 Investigation 8 | . 3 1 . 4 Extermination . | . . . . . Reinforcement 4 | . . 1 . 3 Assault . | . . . . . Garrison . | . . . . . Intercept . | . . . . . Searches Triggered . | . . . . . Construction Impeded 2 | . . 1 . 1 Haulers Reinforced . | . . . . . Active Scanning Responses . | . . . . . Cargo Convoy Interrupts . | . . . . . Stealth | -11 -10 -9 -9 -8 --------- Run | Yrd Mat Mat Min Mat Distress Signals 3 | . . . . 3 Communications Jammed . | . . . . . Distress Signals . | . . . . . Times Spotted 59 | 1 14 5 . 39 Peak Tracking Total 5 | 1 3 4 . 5 Tactical Retreats 2 | . . . . 2 Traps | -11 -10 -9 -9 -8 ------- Run | Yrd Mat Mat Min Mat Traps Triggered 2 | . . . . 2 Indirectly . | . . . . . Trap Hack Attempts . | . . . . . Triggered . | . . . . . Disarmed . | . . . . . Reprogrammed 1 | . . . . 1 Reused 1 | . . . . 1 Traps Extracted . | . . . . . Installed . | . . . . . Triggered 1 | . . . . 1 Machines | -11 -10 -9 -9 -8 ---------- Run | Yrd Mat Mat Min Mat Machines Disabled 4 | . 3 . . 1 Max in Single Turn 1 | . 1 . . 1 Machines Repaired . | . . . . . Machines Dismantled . | . . . . . Machines Sabotaged . | . . . . . Overloaded Fab Kills . | . . . . . Hacking | -11 -10 -9 -9 -8 --------- Run | Yrd Mat Mat Min Mat Machines Accessed 12 | . 5 2 . 5 Terminals 7 | . 3 1 . 3 Fabricators . | . . . . . Repair Stations 2 | . . 1 . 1 Recycling Units 3 | . 2 . . 1 Scanalyzers . | . . . . . Garrison Access . | . . . . . Total Hacks 51 | . 20 8 . 23 Successful 32 | . 12 5 . 15 Failed 19 | . 8 3 . 8 Catastrophic 1 | . . . . 1 Database Lockouts . | . . . . . Manual . | . . . . . Terminals 28 | . 11 4 . 13 Fabricators . | . . . . . Repair Stations 9 | . . 4 . 5 Recycling Units 14 | . 9 . . 5 Scanalyzers . | . . . . . Garrison Access . | . . . . . Terminal Hacks 13 | . 4 2 . 7 Record 5 | . 3 . . 2 Unreport Threat 1 | . 1 . . . Locate Traps 1 | . . . . 1 Reprogram Traps 1 | . . . . 1 Dispatch Records 1 | . . 1 . . Maintenance Status 1 | . . 1 . . Security Status 1 | . . . . 1 Hauler Manifests 1 | . . . . 1 Zone Layout 1 | . . . . 1 Fabricator Hacks . | . . . . . Repair Station Hacks 7 | . . 3 . 4 Scan Component 4 | . . 2 . 2 Repair 3 | . . 1 . 2 Recycling Unit Hacks 12 | . 8 . . 4 Recycle Component 2 | . 2 . . . Process 3 | . 2 . . 1 Report Inventory 5 | . 3 . . 2 Retrieve Matter 2 | . 1 . . 1 Scanalyzer . | . . . . . Garrison Access Hacks . | . . . . . Unauthorized Hacks . | . . . . . Terminals . | . . . . . Fabricators . | . . . . . Repair Stations . | . . . . . Recycling Units . | . . . . . Scanalyzers . | . . . . . Garrison Access . | . . . . . Data Cores Recovered 2 | . 1 . . 1 Used . | . . . . . Hacking Detections 12 | . 5 2 . 5 Full Trace Events 8 | . 3 1 . 4 Feedback Events 2 | . 1 . . 1 Corruption 2 | . 1 . . 1 Feedback Blocked . | . . . . . Robot Schematics Acquired . | . . . . . Robots Built . | . . . . . Authchips . | . . . . . Time . | . . . . . Total Robot Build Rating . | . . . . . Part Schematics Acquired . | . . . . . Parts Built . | . . . . . Authchips . | . . . . . Time . | . . . . . Total Part Build Rating . | . . . . . Parts Repaired 3 | . . 1 . 2 Time 88 | . . 36 . 52 Parts Recycled 2 | . 2 . . . Recycled Matter 486 | . 392 . . 94 Retrieved Matter 569 | . 392 . . 177 Retrieved Components . | . . . . . Parts Scanalyzed . | . . . . . Part Schematics Acquired . | . . . . . Parts Damaged . | . . . . . Bothacking | -11 -10 -9 -9 -8 ------------ Run | Yrd Mat Mat Min Mat Used RIF Installer . | . . . . . Robots Hacked . | . . . . . Non-combat . | . . . . . Combat . | . . . . . Robot Hacks Applied . | . . . . . Relay Couplers Released . | . . . . . Fabnet Peak Effective % . | . . . . . Robots Rewired . | . . . . . Allies Hacked . | . . . . . Hacks Repelled . | . . . . . Allies | -11 -10 -9 -9 -8 -------- Run | Yrd Mat Mat Min Mat Total Allies . | . . . . . Largest Group . | . . . . . Highest-Rated Group . | . . . . . Highest-Rated Ally . | . . . . . Total Orders . | . . . . . Ally Attacks . | . . . . . Total Damage . | . . . . . Kills . | . . . . . Allies Corrupted . | . . . . . Allies Melted . | . . . . . Intel | -11 -10 -9 -9 -8 ------- Run | Yrd Mat Mat Min Mat Robot Analysis Total . | . . . . . Derelict Logs Recovered . | . . . . . Drone Launches . | . . . . . Drone Recoveries . | . . . . . Exploration | -11 -10 -9 -9 -8 ------------- Run | Yrd Mat Mat Min Mat Turns Passed 2605 | 78 1058 223 43 1203 Spaces Moved 1429 | 64 678 76 25 586 Core 19 | 17 . . . 2 Treads . | . . . . . Legs . | . . . . . Wheels 1410 | 47 678 76 25 584 Hover . | . . . . . Flight . | . . . . . Fastest Speed 50 | 50 80 135 175 102 Average Speed 130 | 72 123 153 175 140 Slowest Speed 1500 | 80 135 175 175 1500 Overloaded Moves . | . . . . . Propulsion Burnouts . | . . . . . Robots Hopped . | . . . . . Cave-ins Triggered . | . . . . . Exploration Rate (%) 22 | 5 61 11 11 23 Regions Visited 4 Branch Regions 1 Pre-discovered Areas . | . . . . . Known Exits Taken 2 | . . 1 1 . Unknown Exits Taken 2 | 1 1 . . . Scrap Searched . | . . . . . Spaces Dug 1 | . . 1 . . Terrain Destroyed 160 | . 72 31 . 57 Melee 1 | . . 1 . . Projectile 25 | . . . . 25 AOE 134 | . 72 30 . 32 Terrain Rammed . | . . . . . Walls Destroyed . | . . . . . Machines Disabled . | . . . . . Actions | -11 -10 -9 -9 -8 --------- Run | Yrd Mat Mat Min Mat Total 1916 | 81 834 164 25 812 Wait 184 | . 61 49 1 73 Move 1425 | 63 677 75 24 586 Hop . | . . . . . Pick Up 77 | 6 33 13 . 25 Fast Attach . | . . . . . Attach 49 | 5 13 5 . 26 Detach 3 | . 2 . . 1 Swap 12 | . 3 2 . 7 Drop 18 | . 5 5 . 8 Fire 133 | 7 39 14 . 73 Melee 13 | . . 1 . 12 Ram 2 | . 1 . . 1 Kick . | . . . . . Crush . | . . . . . Escape Stasis . | . . . . . Rewire . | . . . . . Trap . | . . . . . Miscellaneous . | . . . . . Route ------- -11/Scrapyard -10/Materials (discovered 2 exits: *Mat x2) -9/Materials -9/Mines -8/Materials History --------- Turn | Location | Event 2 | -11/Scrapyard | Met Revision 17 44 | -11/Scrapyard | Discovered new exit (range 8) 79 | -11/Scrapyard | Entered Materials 303 | -10/Materials | Build established: Mutant 584 | -10/Materials | Discovered new exit (range 8) 976 | -10/Materials | Discovered new exit (range 5) 1137 | -10/Materials | Entered another Materials area 1137 | -9/Materials | Evolved 2 slots: Propulsion x1, Utility x1 1306 | -9/Materials | Repaired Broken Assault Rifle 1334 | -9/Materials | Met 8R-AWN 1351 | -9/Materials | Discovered new exit (range 4) 1358 | -9/Materials | Identified exit to Mines 1360 | -9/Materials | Entered Mines 1361 | -9/Mines | Followed 8R-AWN into the Mines 1367 | -9/Mines | Received a Rocket Launcher from a helpful Derelict 1367 | -9/Mines | Discovered new exit (range 11) 1384 | -9/Mines | Identified exit to Materials 1403 | -9/Mines | Entered Materials 1403 | -8/Materials | Evolved 2 slots: Power x1, Propulsion x1 1671 | -8/Materials | Repaired Wheel 1699 | -8/Materials | Repaired Wheel 1723 | -8/Materials | Build established: Scavenger-Mutant 1827 | -8/Materials | Lost 3 parts (1p2w) 1893 | -8/Materials | Lost 3 parts (1p2n) 2294 | -8/Materials | Lost 3 parts (1n1u1w) 2465 | -8/Materials | System corruption reached 10% 2560 | -8/Materials | Core integrity fell below 50% 2580 | -8/Materials | Core integrity fell below 20% 2606 | -8/Materials | Destroyed by G-47 Trooper with Particle Gun Last Messages --------------- 02571_ K-01 Serf collects debris. 02571_ Critical hit (Burn: +37). 02573_ K-01 Serf collects debris. 02581_ Arm. Wheel destroyed. 02582_ K-01 Serf collects debris. 02590_ System corrupted: FCS attempts to trigger EMP Blaster. 02591_ K-01 Serf cleans the Atomic Centrifuge. 02591_ G-47 Trooper misfires. 02592_ Mining Claw destroyed. 02593_ U-05 Engineer lays Concrete. 02595_ K-01 Serf collects debris. 02596_ U-05 Engineer lays Concrete. 02598_ Critical hit (Burn: +37). 02599_ EMP Blaster destroyed. 02599_ Critical hit (Burn: +37). 02602_ K-01 Serf cleans the Atomic Centrifuge. 02602_ Cooling System destroyed. 02604_ K-01 Serf cleans the Atomic Centrifuge. 02606_ R-06 Scavenger collects Particle Gun. Map ----- +----------------------------------------------------+ | ?????????????????????????????????????????????????? | | ?????????????????????????????????????????????????? | | ?????????????????????????????????????????????????? | | ?????????????????????????????????????????????????? | | ?????????????????????????????????????????????????? | | ?????????????????????????????????????????????????? | | ?????????????????????????????????????????????????? | | ?????????????????????????????????????????????????? | | ?????????????????????????????????????????????????? | | ?????????????????????????????????????????????????? | | ?????????????????????????????????????????????????? | | ?????????????????????????????????????????????????? | | ?????????????????????????????????????????????????? | | ????????????????????????????? ?????????????????? | | ????????## ## +^??????? ????????????????? | | ?######## # ##??????? #????????????????? | | ?# # " " ##??????? #????????????????? | | ## H # "G" ##??????? #????????????????? | | # """ ##??????? +????????????????? | | ###+##### # ##??????? #????????????????? | | ##############??????# #????????????????? | | " """ #????????????#??????# #????????????????? | | " """ #????????????#??????# #???#+#??????????? | | " """ #?????????########### #???# #??????????? | | #?????????# ] g# #???# #??????????? | | #?????????# @ # ##### ##?????????? | | #?????????# # ######????? | | #########?????????# """ u #????? | | # #?????????# """ """g# """ T #### #????? | | # T #?????????# """ " # """ ###???????? | | # #?????????# k r # """ ""#???????? | | # """ #?????????# # T"#???????? | | # """"" ########??########### ! ""#???????? | | # """"" # #??????????#"" """ ###???????? | | + """"" # """ #??????????#"" """ #?????????? | | # """ # "Y" #??????????#"T """ ]#?????????? | | # # % #??????????#"" #?????????? | | # # ###????????#"" #?????????? | | # ] # ! # #????????### """ #?????????? | | ##########+#################% """ #?????????? | | % % ! """ %##########? | | % % % !!%[[ | | =%##########? | | ########################+### ####+##########?? | | ????????####?###??# ####### #?? | | ####??????????????# #?????# """ """ """ #?? | | #??????????????# [ #?????# """ """ """???? | | #??????????????# """ #?????# """ """ """ #?? | | #??????????????# """"" #?????# #?? | | #??????????????# """"" #?????# ! #?? | +----------------------------------------------------+ Best States ------------- Heat Dissipation 53 Energy Generation 19 Energy Capacity 400 Matter Stores 300 Matter Capacity 300 Sight Range 16 Terrain Scan Density 10 Armor Coverage 225 Weapon Shielding 33 Evasion (%) 50 Targeting Accuracy 5 Item Schematics ----------------- None Robot Schematics ------------------ None Fabricated ------------ Nothing Alien Tech Used ----------------- None Achievements -------------- Everything Is Under Control Part-time Mechanic Shopping List Challenges ------------ None Game ------ Seed ThermalGuidanceLeg Manual? 0 Play Time 01:08:09 Cumulative 2.5 hours Start 2024.04.03 @ 15:36:48 End 2024.04.04 @ 01:47:08 Sessions 12 Manual Loads 0 Difficulty Rogue Special Mode None Game No. 2 Rogue 2 Adventurer 0 Explorer 0 Win Type - Total 0 Types 0/0/0/0/0/0/0/0/0 Lore% 1 Gallery% 5 Achievement% 6 Wizard Run 0 Options --------- Layout 1 ASCII 0 Keyboard 0 Movement Mouse Keybinds 0 Fullscreen 2 Font 24/Smallcaps Map View 25x20 Zoom Use 88% Tactical HUD 1 Map Filters NONE Filters NONE Steam 1 RUN: 58eba34f-7a45-42b0-a279-c1fa018a3aae